 Seeded DCSS version 0.30-a0-718-geaa24f58ff (webtiles) character file.

Game seed: 5430720872467839093 (custom seed)

770 valliere the Charlatan (level 7, -3/60 HPs)
             Began as a Grey Draconian Artificer on Jan 25, 2023.
             Was an Initiate of Ru.
             Slain by a two-headed ogre
             ... wielding a +0 giant spiked club
              (13 damage)
             ... on level 5 of the Dungeon.
             The game lasted 00:14:30 (3403 turns).

valliere the Charlatan (Grey Draconian Artificer)   Turns: 3403, Time: 00:14:30

Health: -3/60      AC: 13    Str: 16    XL:     7   Next: 52%
Magic:  16/16      EV: 11    Int: 16    God:    Ru [......]
Gold:   133        SH: 17    Dex: 12    Spells: 6/6 levels left

rFire   + + .      SeeInvis +    w - +3 short sword of the Manifold Quests {flame, rElec Int+5}
rCold   + + .      Faith    .    k - +5 kite shield of the Bagpipe {Rampage Regen+ MP+9}
rNeg    . . .      Spirit   .    (body armour unavailable)
rPois   .          Reflect  .    j - +2 hat "Akhadiza" {Rampage Will++ SInv Stlth+}
rElec   +          Harm     .    i - scarf {rC+ rF+}
rCorr   +          Rampage  +    (no gloves)
Will    ++...                    (no boots)
Stlth   +++                      m - amulet "Elofihi" {RegenMP Drain +Inv rF+ rCorr}
HPRegen 1.10/turn                h - ring of protection from cold
MPRegen 0.55/turn                (no ring)

@: studying Fighting
A: AC +11, amphibious, unfitting armour, cold-blooded, large bone plates 1
a: Renounce Religion, Evoke Invisibility


You were on level 5 of the Dungeon.
You worshipped Ru.
Ru was noncommittal.
You visited 2 branches of the dungeon, and saw 6 of its levels.

You collected 133 gold pieces.

Inventory:

Hand Weapons
 n - a +0 whip
 w - the +3 short sword of the Manifold Quests (weapon) {flame, rElec Int+5}
   (You found it on level 3 of the Dungeon)

   Int:       It affects your intelligence (+5).
   rElec:     It insulates you from electricity.
Missiles
 p - a throwing net
Armour
 i - a scarf of resistance (worn)
 j - the +2 hat "Akhadiza" (worn) {Rampage Will++ SInv Stlth+}
   (You acquired it on level 2 of the Dungeon)

   SInv:      It lets you see invisible.
   Rampage:   It bestows one free step when moving towards enemies.
   Will:      It greatly increases your willpower.
   Stlth:     It makes you more stealthy.
 k - the +5 kite shield of the Bagpipe (worn) {Rampage Regen+ MP+9}
   (You acquired it on level 2 of the Dungeon)

   MP:        It affects your magic capacity (+9).
   Regen:     It increases your rate of health regeneration.
   Rampage:   It bestows one free step when moving towards enemies.
Jewellery
 h - a ring of protection from cold (left hand)
 m - the amulet "Elofihi" (around neck) {RegenMP Drain +Inv rF+ rCorr}
   (You acquired it on level 2 of the Dungeon)

   [amulet of magic regeneration]

   It increases your rate of magic regeneration.
   rF:        It protects you from fire.
   +Inv:      It lets you turn invisible.
   rCorr:     It protects you from acid and corrosion.
   Drain:     It drains your maximum health when unequipped.
 C - a ring of positive energy
Wands
 b - a wand of flame (15) (quivered)
 c - a wand of charming (15)
 d - a wand of iceblast (5)
 x - a wand of mindburst (22)
 B - a wand of roots (5)
Scrolls
 a - a scroll of poison {unknown}
 e - a scroll of fog {unknown}
 f - a scroll of immolation {unknown}
 g - a scroll of amnesia {unknown}
 l - 2 scrolls of enchant armour {unknown}
 o - a scroll of noise {unknown}
 q - 3 scrolls of identify {unknown}
 r - a scroll of silence {unknown}
 y - a scroll of teleportation {unknown}
 D - a scroll of butterflies {unknown}
 E - a scroll of blinking {unknown}
 F - a scroll of magic mapping {unknown}
Potions
 s - a potion of degeneration {unknown}
 t - 2 potions of berserk rage {unknown}
 u - a potion of curing {unknown}
 v - 2 potions of lignification {unknown}
 z - a potion of ambrosia {unknown}
 A - 2 potions of attraction {unknown}
 G - a potion of magic {unknown}
 H - a potion of resistance {unknown}


   Skills:
 + Level 4.9 Fighting
 + Level 4.0 Dodging
 + Level 3.7 Stealth
 + Level 3.0 Shields
 + Level 4.9 Evocations


You had 6 spell levels left.
You didn't know any spells.
Your spell library contained the following spells:

 Spells                   Type           Power      Damage    Failure   Level
 Static Discharge         Conj/Air       0%         2-2/arc   75%         2
 Vhi's Electric Charge    Tloc/Air       0%         N/A       93%         3
 Arcjolt                  Conj/Air       0%         1d10      100%        5
 Lightning Bolt           Conj/Air       0%         1d11      100%        5


Dungeon Overview and Level Annotations

Branches:
Dungeon (5/15)             Temple (1/1) D:4

Altars:
Cheibriados
Dithmenos
Hepliaklqana
Nemelex Xobeh
Okawaru
Ru
Sif Muna
Uskayaw
Vehumet
Wu Jian
Xom
Yredelemnul
Zin
The Shining One

Shops:
D:2 ?

Annotations:
D:4 1 runed translucent door, purpskrrrp's ghost, amateur DsFi


Innate Abilities, Weirdness & Mutations

Your dull iron-grey scales are very hard. (AC +11)
You are amphibious.
You cannot fit into any form of body armour.
You are cold-blooded and may be slowed by cold attacks.
You are partially covered in large bone plates. (SH +4)


Message History

You block the hound's attack. x2
You barely miss the hound.
The hound is severely wounded.
You block the hound's attack. The hound bites you.
You closely miss the hound.
The hound is severely wounded.
The hound bites you but does no damage.
You closely miss the hound. You tail-slap the hound.
The hound is severely wounded.
The hound completely misses you. You block the hound's attack.
The two-headed ogre hits you with a +0 giant spiked club!
You block the two-headed ogre's attack.
You barely miss the hound.
The hound is severely wounded.
You block the hound's attack. The hound bites you.
The two-headed ogre hits you with a +0 giant spiked club!
You block the two-headed ogre's attack.
You hit the hound. You burn the hound.
The hound is almost dead.
You block the hound's attack. The hound bites you but does no damage.
You closely miss the hound.
The hound is almost dead.
You block the two-headed ogre's attack.
The two-headed ogre hits you with a +0 giant club!
You block the hound's attack. You block the hound's attack.
The hound bites you but does no damage.
You hit the hound. You burn the hound.
The hound is almost dead.
The hound closely misses you. You block the hound's attack.
You closely miss the hound.
The hound is almost dead.
The hound bites you.
The two-headed ogre hits you with a +0 giant spiked club!!
* * * LOW HITPOINT WARNING * * *
You block the two-headed ogre's attack. The hound closely misses you.
You block the hound's attack.
The two-headed ogre attacks as you move away!
The two-headed ogre hits you with a +0 giant spiked club!
You die...

... #.....#...# #.# ...
#..#.######..#...# #.#
#...........##.## #.#
#.#.#####...##.########.#
..#####...##.##.......#
.......>(.# .##.#####.# .
#.#####...# #.# ### .#
#...# #.# .#.
#.#####..@##.##.# ...
#.......hO##.##.# ....
###.....#.##.##.# ...
.....##...##.##.# ...
.............##.# .#
#######...##.##.# .#
#.......##.# ##.#
#..#.##.##.# ...#
#..#....##.#


You could see a two-headed ogre and a hound.

Vanquished Creatures
  An ice beast (D:5)
  Blork the orc (D:4)
  A scorpion (D:4)
  A necrophage (D:2)
  2 orc priests
  2 iguanas
  5 orc wizards
  12 gnolls
  4 adders
  A white imp (D:4)
  An ufetubus (D:5)
  3 worms (D:4)
  A dart slug (D:4)
  8 orcs
  3 bats
  7 endoplasms
  3 giant cockroaches
  2 goblins (D:2)
  6 hobgoblins
  7 jackals
  4 kobolds
  3 quokkas (D:4)
  7 ball pythons
  2 frilled lizards
  3 rats
90 creatures vanquished.

Notes
Turn   | Place    | Note
-------+----------+-------------------------------------------
     0 | D:1      | valliere the Draconian Artificer began the quest for the
                  | Orb.
     0 | D:1      | Reached XP level 1. HP: 16/16 MP: 1/1
    42 | D:1      | Gained mutation: You are partially covered in large bone
                  | plates. (SH +4) [potion of mutation]
    62 | D:1      | Reached skill level 1 in Stealth
   166 | D:1      | Reached XP level 2. HP: 13/23 MP: 2/2
   301 | D:2      | Found Doddoiw's Magic Scroll Shoppe.
   398 | D:2      | Noticed a necrophage
   418 | D:2      | Killed a necrophage
   419 | D:2      | Reached XP level 3. HP: 21/29 MP: 3/3
   419 | D:2      | Reached XP level 4. HP: 26/36 MP: 4/4
   574 | D:2      | Identified 3 scrolls of acquirement
   574 | D:2      | Acquired the +2 hat "Akhadiza" {Rampage Will++ SInv Stlth+}
   577 | D:2      | Acquired the +5 kite shield of the Bagpipe {Rampage Regen+
                  | MP+9}
   579 | D:2      | Acquired a scarf of resistance
   999 | D:2      | Acquired the amulet "Elofihi" {RegenMP Drain +Inv rF+
                  | rCorr}
  1117 | D:2      | Reached XP level 5. HP: 42/42 MP: 5/5
  1219 | D:3      | Reached skill level 1 in Shields
  1238 | D:3      | Found a faded altar of an unknown god.
  1463 | D:3      | Found an iron altar of Okawaru.
  1504 | D:3      | Identified the +2 robe of Binutifa {rPois Dex+5}
  1673 | D:3      | Identified the +3 short sword of the Manifold Quests
                  | {flame, rElec Int+5}
  1820 | D:4      | Reached XP level 6. HP: 51/51 MP: 6/6
  2137 | D:4      | Found a runed translucent door.
  2138 | D:4      | Found a staircase to the Ecumenical Temple.
  2147 | Temple   | Entered the Ecumenical Temple
  2506 | D:4      | Noticed purpskrrrp's ghost (amateur DsFi)
  2649 | D:4      | Noticed Blork the orc
  2669 | D:4      | Killed Blork the orc
  2754 | D:4      | Your scales start taking on a dull iron-grey colour.
  2754 | D:4      | Reached XP level 7. HP: 59/59 MP: 7/7
  3044 | Temple   | Became a worshipper of Ru the Awakened
  3101 | D:5      | Entered Level 5 of the Dungeon
  3102 | D:5      | Noticed a two-headed ogre
  3403 | D:5      | Slain by a two-headed ogre

Illustrated notes

Levels and vault maps discovered:
D:1:      dpeg_arrival_boxes_within_box, layout_basic
D:2:      layout_loops_ring, serial_shops, shop, nicolae_kite_square_tiling_tiny
D:3:      layout_rooms, okawaru_metal_pillars_3, ebering_ecumenical_altar_rust
D:4:      layout_basic, minmay_temple_entry_overgrown, ebering_ghost_sewer_d,
          minmay_manual_monstrance, uniq_blork_the_orc
D:5:      layout_basic, uniq_duvessa
Temple:   oiseaux_autumnal_temple

Skill      XL: |  1  2  3  4  5  6  7 |
---------------+----------------------+-----
Stealth        | 1 2 3 |  3.7
Fighting       | 2 3 4 |  4.9
Dodging        | 3 4 |  4.0
Shields        | 1 2 3 |  3.0
Evocations     | 4 |  4.9

Action                     |  1- 3 |  4- 6 |  7- 9 || total
---------------------------+-------+-------+-------++-------
  Melee: Club              |    53 |   179 |       ||   232
         Tailslap          |    12 |    55 |    14 ||    81
         Punch             |       |     1 |       ||     1
         Whip              |       |   131 |       ||   131
         Short sword       |       |   140 |    83 ||   223
    Use: Potion            |     1 |       |       ||     1
         Scroll            |       |     4 |       ||     4
   Stab: Sleeping          |     1 |    13 |     5 ||    19
 Armour: Skin              |     5 |   112 |    24 ||   141
  Dodge: Dodged            |    36 |   157 |    34 ||   227
  Block: Other             |     8 |     4 |       ||    12
         Kite shield       |       |   457 |    92 ||   549

Table legend: (Time is in decaauts)
 A = Elapsed time spent in this place.
 B = Non-inter-level travel time spent in this place.
 C = Inter-level travel time spent in this place.
 D = Time resting spent in this place.
 E = Time spent auto-exploring this place.
 F = Levels seen in this place.
 G = Mean time per level.
                   A        B        C        D        E       F      G
               +--------+--------+--------+--------+--------+-----+--------+
         Total |   3594 |   3323 |    271 |      0 |   2121 |   6 |  599.0 |
       Dungeon |   3204 |   3052 |    152 |      0 |   1891 |   5 |  640.8 |
        Temple |    390 |    271 |    119 |      0 |    230 |   1 |  390.0 |
               +--------+--------+--------+--------+--------+-----+--------+

Top non-repeatable levels by time:
     D:2: 1049 daAuts
     D:4: 1028 daAuts
     D:3: 620 daAuts
  Temple: 390 daAuts
     D:5: 262 daAuts
     D:1: 243 daAuts
